 Dungeon Crawl Stone Soup version 0.22-a0-402-ga933591 (webtiles) character file.

4588 GameOver the Cutter (level 10, -13/75 HPs)
             Began as a Naga Wizard on May 6, 2018.
             Was a Follower of Kikubaaqudgha.
             Mangled by an orc warrior
             ... wielding a +0 halberd
              (17 damage)
             ... in a bailey.
             The game lasted 00:54:42 (7245 turns).

GameOver the Cutter (Naga Wizard)                   Turns: 7245, Time: 00:54:43

Health: -13/75     AC:  7    Str:  9    XL:     10   Next: 41%
Magic:  13/14      EV: 10    Int: 22    God:    Kikubaaqudgha [*.....]
Gold:   377        SH:  6    Dex: 10    Spells: 7/15 levels left

rFire    . . .     SeeInvis +   w - +2 dagger (elec)
rCold    . . .     Gourm    .   h - +2 buckler
rNeg     . . .     Faith    .   S - +0 leather armour (curse)
rPois    +         Spirit   .   b - +0 hat
rElec    .         Reflect  .   E - +1 cloak
rCorr    .         Harm     .   A - +0 pair of gloves
MR       ++...                  (no barding)
Stlth    +++.......             (no amulet)
HPRegen  0.22/turn              (no ring)
MPRegen  0.14/turn              r - ring of protection from magic

@: very slow
A: large, see invisible, deformed body, poison resistance, slowness 2, slow
metabolism 1, spit poison 1, AC +3
a: Spit Poison, Receive Corpses, Renounce Religion


You were in a bailey.
You worshipped Kikubaaqudgha.
Kikubaaqudgha was aware of your devotion.
You were not hungry.

You visited 2 branches of the dungeon, and saw 10 of its levels.
You also visited: Bailey.

You collected 377 gold pieces.

Inventory:

Hand Weapons
 q - a +0 shortbow
 s - a +1 dagger of pain
 w - a +2 dagger of electrocution (weapon)
 P - a +2 quarterstaff of chaos
Missiles
 f - 244 arrows
 o - 134 sling bullets
 t - 26 bolts
 J - 3 javelins (quivered)
Armour
 b - a +0 hat (worn)
 h - a +2 buckler (worn)
 A - a +0 pair of gloves (worn)
 E - a +1 cloak (worn)
 S - a cursed +0 leather armour (worn)
Magical Staves
 Q - an uncursed staff of power
Jewellery
 g - an uncursed ring of stealth
 l - an uncursed ring of fire
 r - a ring of protection from magic (right hand)
Wands
 i - a wand of flame (39)
 B - a wand of scattershot (7)
 D - a wand of digging (16)
Scrolls
 c - a scroll of enchant weapon {unknown}
 m - a scroll of teleportation
 p - 2 scrolls of remove curse
 F - a scroll of amnesia
 G - a scroll of immolation {unknown}
 H - a scroll of fog
 K - a scroll of enchant armour
Potions
 e - a potion of ambrosia
 j - 3 potions of flight
 k - 4 potions of might {unknown}
 v - 2 potions of haste
 z - 2 potions of curing
 C - a potion of berserk rage
 I - a potion of mutation {unknown}
 M - a potion of invisibility {unknown}
 N - 2 potions of heal wounds
 O - a potion of degeneration {unknown}
Comestibles
 d - 15 rations


   Skills:
 * Level 6.3 Short Blades
 - Level 4.9 Staves
 + Level 0.8 Armour
 + Level 4.3 Dodging
 - Level 6.0 Stealth
 + Level 2.5 Shields
 - Level 3.0 Spellcasting
 - Level 6.0 Conjurations
   Level 1.0 Summonings
 + Level 2.6 Necromancy
 - Level 4.0 Translocations
 - Level 5.0 Air Magic
 + Level 0.1 Earth Magic
 - Level 5.0 Poison Magic


You had 7 spell levels left.
You knew the following spells:

 Your Spells              Type           Power        Failure   Level  Hunger
a - Stone Arrow           Conj/Erth      ###...       14%         3    ###....
b - Blink                 Tloc           N/A          4%          2    ##.....
s - Mephitic Cloud        Conj/Pois/Air  ####....     5%          3    ###....


Dungeon Overview and Level Annotations

Branches:
Dungeon (9/15)             Temple (1/1) D:5             Orc (0/2) D:9
   Lair: D:8-11

Altars:
Ashenzari
Cheibriados
Dithmenos
Elyvilon
Fedhas
Gozag
Hepliaklqana
Kikubaaqudgha
Makhleb
Nemelex Xobeh
Okawaru
Qazlal
Ru
Sif Muna
Trog
Uskayaw
Vehumet
Wu Jian
Xom
Yredelemnul
Zin
The Shining One

Annotations:
D:9 Erolcha


Innate Abilities, Weirdness & Mutations

You cannot wear boots.
Your serpentine skin is tough. (AC +3)
You have supernaturally acute eyesight. (SInv)
Armour fits poorly on your strangely shaped body.
Your system is resistant to poisons. (rPois)
You cover ground very slowly.
You have a slow metabolism.
You can spit poison.


Message History

The orc hits you from afar with a spear.
The orc hits you but does no damage.
The orc warrior shouts!
You hear a shout! x3
The orc closely misses you.
You hear a shout!
The orc completely misses you. You block the orc's attack.
The orc warrior hits you from afar with a halberd!!
The orc hits you from afar with a spear.
The orc warrior hits you from afar with a halberd!!
* * * LOW HITPOINT WARNING * * *
The orc closely misses you. The orc misses you.
You block the orc warrior's attack.
The orc hits you from afar with a spear.
* * * LOW HITPOINT WARNING * * *
You block the orc warrior's attack. The orc closely misses you.
The orc warrior hits you from afar with a halberd!
You die...
Kikubaaqudgha rasps: "You have failed me!
Welcome... death!"

### ##@## #.∩.#
#.oo# .......
o≈.......≈o
≈o≈≈.......≈≈o≈
≈≈≈..#...#..≈≈≈
....##...##....
#### ##∩## ####


You could see an orc warrior and an orc.

Vanquished Creatures
  An unseen horror (D:7)
  Sigmund (D:3)
  A spriggan (D:7)
  Duvessa (D:7)
  5 sky beasts
  2 orc warriors
  2 ice beasts
  2 ogres
  3 centaurs
  2 big kobolds
  5 bullfrogs
  A water moccasin zombie (D:5)
  Dowan (D:7)
  3 scorpions
  11 killer bees
  A howler monkey (D:8)
  4 crimson imps
  A centaur zombie (D:8)
  3 hounds
  3 bullfrog skeletons
  8 orc priests
  Crazy Yiuf (D:4)
  A centaur skeleton (D:6)
  8 orc wizards
  2 iguanas (D:8)
  6 worker ants
  2 hound zombies
  2 hound skeletons
  4 gnolls (D:9)
  7 adders
  A shadow imp (D:7)
  An ooze (D:3)
  An adder zombie (D:6)
  9 worms
  4 dart slugs
  11 leopard geckos
  34 orcs
  5 bats
  6 giant cockroaches
  6 goblins
  4 hobgoblins
  4 jackals (D:8)
  20 kobolds
  4 quokkas
  A ball python (D:4)
  3 frilled lizards
  A giant cockroach zombie (D:5)
  2 quokka skeletons (D:5)
  9 rats
220 creatures vanquished.

Vanquished Creatures (others)
  A plant (D:4)
1 creature vanquished.

Grand Total: 221 creatures vanquished

Notes
Turn   | Place    | Note
-------+----------+-------------------------------------------
     0 | D:1      | GameOver the Naga Wizard began the quest for the Orb.
     0 | D:1      | Reached XP level 1. HP: 15/15 MP: 4/4
   109 | D:1      | Reached XP level 2. HP: 16/22 MP: 4/6
   555 | D:1      | Reached XP level 3. HP: 28/28 MP: 5/7
   559 | D:1      | Learned a level 2 spell: Blink
   563 | D:1      | Learned a level 3 spell: Mephitic Cloud
   866 | D:2      | Found a stormy altar of Qazlal.
   868 | D:2      | Noticed a fire elemental
   869 | D:2      | Noticed a water elemental
   870 | D:2      | Noticed an air elemental
   870 | D:2      | Noticed an earth elemental
  1140 | D:2      | Reached XP level 4. HP: 36/36 MP: 3/8
  1182 | D:2      | Found a sacrificial altar of Ru.
  1662 | D:3      | Noticed Sigmund
  1705 | D:3      | Killed Sigmund
  1705 | D:3      | Reached skill level 5 in Stealth
  1705 | D:3      | Reached XP level 5. HP: 42/42 MP: 3/9
  1705 | D:3      | Reached XP level 6. HP: 49/49 MP: 3/10
  2509 | D:4      | Reached skill level 1 in Short Blades
  2509 | D:4      | Reached skill level 5 in Conjurations
  2662 | D:4      | Found a runed door.
  2666 | D:4      | Noticed Crazy Yiuf
  2670 | D:4      | Killed Crazy Yiuf
  2670 | D:4      | Reached XP level 7. HP: 31/55 MP: 7/11
  2758 | D:4      | Found an ornate altar of the Wu Jian Council.
  2826 | D:4      | Found a bloodstained altar of Trog.
  3153 | D:4      | Found a shattered altar of Ashenzari.
  3194 | D:4      | Reached skill level 5 in Poison Magic
  3475 | D:5      | Entered Level 5 of the Dungeon
  3515 | D:5      | Reached skill level 1 in Air Magic
  3571 | D:5      | Found a staircase to the Ecumenical Temple.
  3631 | Temple   | Entered the Ecumenical Temple
  3869 | D:5      | Reached XP level 8. HP: 59/62 MP: 1/12
  3906 | D:5      | Found a glowing golden altar of the Shining One.
  3930 | D:5      | Reached skill level 1 in Staves
  3970 | D:5      | Found a basalt altar of Yredelemnul.
  3984 | D:5      | Found a white marble altar of Elyvilon.
  3987 | D:5      | Found a hide-covered altar of Uskayaw.
  4211 | D:5      | Reached skill level 5 in Air Magic
  4688 | D:6      | Found a sparkling altar of Nemelex Xobeh.
  4798 | D:6      | Reached XP level 9. HP: 46/68 MP: 10/13
  5567 | D:7      | Noticed Duvessa
  5568 | D:7      | Noticed Dowan
  5580 | D:7      | Killed Dowan
  5989 | D:7      | Reached skill level 1 in Shields
  6016 | D:7      | Killed Duvessa
  6018 | D:7      | Found an ancient bone altar of Kikubaaqudgha.
  6027 | D:7      | Became a worshipper of Kikubaaqudgha
  6272 | D:7      | Reached skill level 5 in Short Blades
  6272 | D:7      | Reached skill level 1 in Necromancy
  6318 | D:7      | Reached XP level 10. HP: 71/75 MP: 10/14
  6416 | D:8      | Noticed an unseen horror
  6425 | D:7      | Killed an unseen horror
  6668 | D:8      | Reached * piety under Kikubaaqudgha
  6668 | D:8      | Identified Kikubaaqudgha's Grimoire of Black Rites (Kikubaaqudgha gifted it to you on level 8 of the Dungeon)
  6668 | D:8      | Received a gift from Kikubaaqudgha
  7013 | D:8      | Found a hazy altar of Hepliaklqana.
  7050 | D:8      | Learned a level 3 spell: Stone Arrow
  7091 | D:9      | Noticed Erolcha
  7101 | D:9      | Found a flagged portal.
  7202 | Bailey   | Entered a bailey
  7202 | Bailey   | Noticed an orc knight
  7202 | Bailey   | Noticed an orc knight
  7243 | Bailey   | HP: 3/75 [orc/spear (1)]
  7245 | Bailey   | Mangled by an orc warrior

Vault maps used:
D:1:      lightli_arrival_statue_moat, corexii_item_surrounded_by_moat,
          grunt_decor_clamped
D:2:      nicolae_ru_path_of_blood, nicolae_qazlal_style_of_elements
D:3:      uniq_sigmund
D:4:      lemuel_doored_altar, marbit_many_paths, overflow_temple_1_default,
          first_ration, lexackson_kobold_supper, uniq_crazy_yiuf_cottage
D:5:      grunt_temple_overflow_cloverleaf,
          minmay_temple_entry_statues_fountains
D:6:      lemuel_crystal_altar
D:7:      kiku_gazebo_pond_becter, the_bakery, uniq_duvessa
D:8:      nicolae_overflow_crystal_walls
D:9:      david_orc_2, enter_bailey_2, serial_shops, shop, basic_altar,
          nemelex_lonely_heart_becter, uniq_erolcha
Temple:   minmay_temple_curvy_loop
Bailey:   bailey_polearm_4, bailey

Skill      XL: |  1  2  3  4  5  6  7  8  9 10 |
---------------+-------------------------------+-----
Conjurations   | 2 3 4 5 6 |  6.0
Stealth        | 4 5 6 |  6.0
Poison Magic   | 2 3 5 |  5.0
Short Blades   | 1 3 5 6 |  6.3
Air Magic      | 3 5 |  5.0
Staves         | 3 4 |  4.9
Translocations | 3 4 |  4.0
Dodging        | 3 4 |  4.3
Shields        | 1 2 |  2.5
Necromancy     | 1 2 |  2.6
Armour         | |  0.8
Spellcasting   | |  3.0
Summonings     | |  1.0
Earth Magic    | |  0.1

Action                   |  1- 3 |  4- 6 |  7- 9 | 10-12 || total
-------------------------+-------+-------+-------+-------++-------
Melee: Mace              |     4 |       |       |       ||     4
       Short sword       |     4 |       |       |       ||     4
       Spear             |     6 |     5 |       |       ||    11
       Dagger            |       |     6 |    74 |   106 ||   186
       Trident           |       |    20 |       |       ||    20
       Quarterstaff      |       |       |   147 |       ||   147
 Fire: Shortbow          |       |       |       |     2 ||     2
Throw: Javelin           |       |       |     1 |       ||     1
 Cast: Magic Dart        |    45 |    55 |   159 |    50 ||   309
       Mephitic Cloud    |       |     3 |    16 |     9 ||    28
       Blink             |       |       |     1 |     3 ||     4
       Stone Arrow       |       |       |       |     1 ||     1
 Abil: Spit Poison       |    32 |    33 |    79 |    33 ||   177
Evoke: Wand              |       |       |       |     1 ||     1
  Use: Scroll            |       |     8 |     6 |     7 ||    21
       Potion            |       |       |     1 |     1 ||     2
 Stab: Sleeping          |     1 |       |     5 |       ||     6
       Confused          |       |     1 |     7 |     4 ||    12
  Eat: Chunk             |     2 |     6 |    16 |     5 ||    29
       Ration            |       |       |       |     1 ||     1
Armor: Robe              |     3 |     4 |    42 |       ||    49
       Leather armour    |       |       |    21 |    38 ||    59
Dodge: Dodged            |    14 |     8 |   104 |    66 ||   192
Block: Buckler           |       |       |     3 |    26 ||    29

Table legend:
 A = Spawn XP
 B = Non-spawn XP
 C = Spawn XP percentage of total XP
 D = Spawn monster count
 E = Non-spawn monster count
 F = Spawn count percentage of total count
 G = Total turns spent on level
                    A         B        C        D         E        F      G
               +---------+---------+-------+---------+---------+-------+---------
         Total |       0 |    6555 |   0.0 |       0 |     220 |   0.0 |  7245
               +---------+---------+-------+---------+---------+-------+---------
           D:1 |       0 |      41 |   0.0 |       0 |      21 |   0.0 |   788
           D:2 |       0 |      47 |   0.0 |       0 |      14 |   0.0 |   674
           D:3 |       0 |     329 |   0.0 |       0 |      26 |   0.0 |  1029
           D:4 |       0 |     503 |   0.0 |       0 |      29 |   0.0 |   984
           D:5 |       0 |    1269 |   0.0 |       0 |      41 |   0.0 |  1032
           D:6 |       0 |     911 |   0.0 |       0 |      20 |   0.0 |   830
           D:7 |       0 |    2147 |   0.0 |       0 |      22 |   0.0 |   928
           D:8 |       0 |    1125 |   0.0 |       0 |      36 |   0.0 |   646
           D:9 |       0 |     183 |   0.0 |       0 |      11 |   0.0 |   116
               +---------+---------+-------+---------+---------+-------+---------
